 Dungeon Crawl Stone Soup version 0.26.1-12-g5ba1501909 (webtiles) character file.

Game seed: 11911590696235810381

24 alasdair19 the Conjurer (level 2, -2/24 HPs)
             Began as a Troll Conjurer on Nov 28, 2021.
             Slain by a leopard gecko (4 damage)
             ... on level 2 of the Dungeon.
             The game lasted 00:09:22 (2200 turns).

alasdair19 the Conjurer (Troll Conjurer)            Turns: 2200, Time: 00:09:23

Health: -2/24      AC:  6    Str: 14    XL:     2   Next: 79%
Magic:  2/2        EV: 10    Int: 14    God:
Gold:   73         SH:  0    Dex:  8    Spells: 2/3 levels left

rFire    . . .     SeeInvis .   r - +0 short sword
rCold    . . .     Faith    .   (no shield)
rNeg     . . .     Spirit   .   a - +0 robe
rPois    .         Reflect  .   (helmet restricted)
rElec    .         Harm     .   (no cloak)
rCorr    .         Rampage  .   (gloves unavailable)
Will     .....                  (boots unavailable)
Stlth    +.........             (no amulet)
HPRegen  0.48/turn              (no ring)
MPRegen  0.08/turn              (no ring)

@: no status effects
A: large, unfitting armour, claws 3, regeneration 1, shaggy fur 1, tough skin 3
a: no special abilities


You were on level 2 of the Dungeon.
You visited 1 branch of the dungeon, and saw 2 of its levels.

You collected 73 gold pieces.

Inventory:

Hand Weapons
 b - a +0 whip
 f - a +0 club
 h - a +0 mace
 r - a +0 short sword (weapon)
Missiles
 c - 44 stones
 d - 5 boomerangs
Armour
 a - a +0 robe (worn)
 p - a +0 ring mail of willpower
Jewellery
 k - an uncursed amulet of faith {unknown}
 n - a cursed ring of attention {unknown}
 q - an uncursed ring of resist corrosion {unknown}
Scrolls
 j - a scroll of remove curse {unknown}
 l - a scroll of noise {unknown}
 o - a scroll of identify {unknown}
 s - a scroll of magic mapping {unknown}
Potions
 e - a potion of lignification {unknown}
 g - a potion of attraction {unknown}
 i - a potion of berserk rage {unknown}
 m - a potion of mutation {unknown}
 t - a potion of invisibility {unknown}


   Skills:
 + Level 0.2 Fighting
 + Level 0.4 Maces & Flails
 + Level 1.8 Dodging
 + Level 1.0 Stealth
 + Level 1.3 Spellcasting
 + Level 3.3 Conjurations


You had 2 spell levels left.
You knew the following spells:

 Your Spells              Type           Power        Failure   Level
a - Magic Dart            Conj           40%          6%          1

Your spell library contained the following spells:

 Spells                   Type           Power        Failure   Level
 Searing Ray              Conj           20%          10%         2
 Dazzling Flash           Conj/Hex       10%          36%         3
 Fulminant Prism          Conj/Hex       2%           77%         4
 Iskenderun's Mystic Bla  Conj/Tloc      5%           77%         4


Dungeon Overview and Level Annotations

Branches:
Dungeon (2/15)

Altars:


Innate Abilities, Weirdness & Mutations

You are too large for most types of armour.
You have claws for hands.
Your natural rate of healing is unusually fast.
You are covered in fur. (AC +1)
You have extremely tough skin. (AC +3)


Message History

The leopard gecko barely misses you.
You hit the hobgoblin.
The hobgoblin is almost dead.
The leopard gecko barely misses you.
The hobgoblin hits you but does no damage.
The leopard gecko closely misses you.
You hit the hobgoblin but do no damage.
The hobgoblin is almost dead.
The hobgoblin hits you with a +0 mace.
* * * LOW HITPOINT WARNING * * *
The leopard gecko misses you.
You hit the hobgoblin but do no damage.
The hobgoblin is almost dead.
The leopard gecko barely misses you. The hobgoblin barely misses you.
You hit the leopard gecko.
The leopard gecko is moderately wounded.
The leopard gecko closely misses you. The hobgoblin hits you with a +0 mace.
* * * LOW HITPOINT WARNING * * *
The leopard gecko bites you.
You die...

.... #.........###
....######...........#
...................#.#
......####.........#.#
.....#...........#.#
...#.##.######.#.###
#.#.##.# #.......
#lg.##.# #...####
#.@.(..#####.......
.??...........>.........
.....#....#######.....<.
.#######...##...........
###...##...........
.....##...........
#...####....#....
#...####.####....
#........# ....


You could see a leopard gecko and a hobgoblin.

Vanquished Creatures
  An adder (D:2)
  A leopard gecko (D:1)
  2 bats (D:1)
  2 goblins
  2 hobgoblins (D:1)
  2 ball pythons
  2 kobolds
  3 rats
15 creatures vanquished.

Notes
Turn   | Place    | Note
-------+----------+-------------------------------------------
     0 | D:1      | alasdair19 the Troll Conjurer began the quest for the Orb.
     0 | D:1      | Reached XP level 1. HP: 16/16 MP: 1/1
   231 | D:1      | Reached skill level 3 in Conjurations
   305 | D:1      | Reached XP level 2. HP: 24/24 MP: 2/2
  2200 | D:2      | Slain by a leopard gecko

Illustrated notes

Levels and vault maps discovered:
D:1:      saegor_arrival_miasma, layout_basic
D:2:      layout_basic

Skill      XL: |  1 |
---------------+----+-----
Conjurations   | 3 |  3.3
Fighting       | |  0.2
Maces & Flails | |  0.4
Dodging        | |  1.8
Stealth        | |  1.0
Spellcasting   | |  1.3

Action                   || total
-------------------------++-------
Melee: Whip              ||    37
       Unarmed           ||     2
       Mace              ||    26
       Short sword       ||    12
 Cast: Magic Dart        ||     3
Armor: Robe              ||    60
Dodge: Dodged            ||    91
